Map: Dead of Night

Players

NelsonTuga

  • Race: Terran Terran
  • Spawn Location: 0:00

NamroodTuo

  • Race: Zerg Zerg

VOD

Have the link to the VOD?

Description

Time

  • Played on: March 12, 2023, 1:32 p.m.
  • Length: 34:36
Show
View Real Time Build Order
Export as new Build Order

NelsonTuga Terran 

Build Orders:  

Get SALT Encoding   

  12  0:03  SCV  
  13  0:23  SCV  
  14  0:41  Supply Depot  
  14  1:03  Factory  
  14  1:12  SCV  
  15  1:26  SCV  
  16  1:40  SCV  
  17  1:53  SCV  
  18  2:05  Refinery  
  18  2:07  SCV  
  18  2:08  Refinery  
  19  2:14  Engineering Bay  
  19  2:20  SCV  
  20  2:34  SCV  
  21  2:46  Refinery  
  21  2:47  SCV  
  22  2:56  Devastation Turret  
  22  3:01  SCV, Perdition Turret  
  23  3:21  Supply Depot  
  23  3:25  Perdition Turret  
  23  3:31  Supply Depot  
  23  3:40  Devastation Turret  
  23  3:50  SCV  
  24  4:01  Perdition Turret  
  24  4:04  SCV  
  25  4:12  Perdition Turret  
  25  4:15  Perdition Turret  
  25  4:19  Perdition Turret  
  25  4:22  Perdition Turret  
  25  4:23  Perdition Turret  
  25  4:24  Devastation Turret  
  25  4:25  Perdition Turret  
  25  4:27  Perdition Turret  
  25  4:43  Perdition Turret, Devastation Turret  
  25  4:44  Perdition Turret  
  25  4:48  Perdition Turret x2  
  25  4:49  Perdition Turret  
  25  4:54  Perdition Turret  
  25  4:56  Perdition Turret  
  25  5:00  Perdition Turret  
  25  5:02  Perdition Turret  
  25  5:03  Perdition Turret  
  25  5:07  Perdition Turret x2  
  25  5:08  Perdition Turret  
  25  5:10  Perdition Turret x2  
  25  5:17  Perdition Turret  
  25  5:21  Perdition Turret  
  25  5:23  Perdition Turret  
  25  5:24  Perdition Turret  
  25  5:28  Perdition Turret  
  25  5:29  Perdition Turret  
  25  5:30  Perdition Turret  
  25  5:37  SCV  
  25  5:38  Perdition Turret  
  26  5:45  Perdition Turret x2  
  26  5:49  Perdition Turret  
  26  5:50  Perdition Turret  
  26  5:51  SCV, Armory  
  26  5:53  Armory  
  26  5:54  Perdition Turret  
  26  5:55  Perdition Turret  
  26  5:58  Perdition Turret  
  27  6:01  Perdition Turret x2  
  27  6:04  SCV  
  27  6:09  Perdition Turret  
  28  6:11  Perdition Turret  
  28  6:16  Perdition Turret  
  28  6:18  SCV  
  29  6:22  Perdition Turret  
  29  6:24  Devastation Turret  
  29  6:28  Perdition Turret  
  29  6:30  Perdition Turret  
  29  6:31  SCV  
  29  6:33  Perdition Turret  
  30  6:45  Perdition Turret  
  30  6:50  Perdition Turret  
  30  6:56  Perdition Turret, Devastation Turret  
  30  6:58  Devastation Turret  
  30  7:00  Perdition Turret  
  30  7:01  Perdition Turret x4  
  30  7:03  Perdition Turret x3  
  30  7:06  Perdition Turret  
  30  7:08  Perdition Turret  
  30  7:09  Perdition Turret  
  30  7:13  SCV  
  30  7:17  Fire-Suppression Systems  
  30  7:19  Perdition Turret  
  31  7:20  Perdition Turret  
  31  7:24  Perdition Turret  
  31  7:25  Devastation Turret  
  31  7:26  Devastation Turret  
  31  7:27  SCV  
  31  7:29  Perdition Turret  
  32  7:30  Perdition Turret x2  
  32  7:40  SCV  
  33  7:50  Perdition Turret  
  33  7:54  SCV  
  34  8:02  Perdition Turret  
  34  8:04  Perdition Turret  
  34  8:07  SCV  
  35  8:17  Hi-Sec Auto Tracking  
  35  8:23  Spinning Dizzy  
  35  8:29  Perdition Turret  
  35  8:31  Perdition Turret  
  35  8:41  SCV  
  35  8:44  Spinning Dizzy  
  36  8:55  SCV  
  36  8:57  Spinning Dizzy  
  36  8:59  Spinning Dizzy  
  37  9:04  Spinning Dizzy, Supply Depot  
  37  9:08  SCV  
  37  9:09  Supply Depot  
  38  9:13  Supply Depot  
  38  9:17  Structure Armor  
  38  9:19  Spinning Dizzy  
  38  9:22  SCV  
  38  9:23  Perdition Turret  
  38  9:28  Factory Tech Reactor  
  39  9:35  SCV  
  40  9:43  Supply Depot  
  40  9:45  Supply Depot x2  
  40  9:53  Supply Depot  
  40  9:58  Supply Depot  
  46  10:17  KMC Auto-Loaders  
  40  10:45  Perdition Turret  
  40  10:58  Perdition Turret  
  40  10:59  Perdition Turret, Devastation Turret  
  40  11:07  Perdition Turret  
  40  11:12  Devastation Turret  
  40  11:13  Devastation Turret  
  40  11:21  Perdition Turret  
  40  11:23  Spinning Dizzy  
  40  11:29  Spinning Dizzy  
  40  11:30  Perdition Turret  
  40  11:40  Perdition Turret  
  40  11:42  Spinning Dizzy  
  40  11:43  Perdition Turret  
  40  11:44  Spinning Dizzy  
  40  11:46  Perdition Turret x2, Spinning Dizzy  
  40  11:47  Perdition Turret  
  40  11:48  Perdition Turret  
  40  11:49  Perdition Turret, Devastation Turret  
  40  11:50  Perdition Turret  
  40  11:52  Devastation Turret  
  40  11:53  Perdition Turret  
  40  12:02  Perdition Turret, Upgrade Laser Drill Level 1  
  40  12:09  Perdition Turret  
  40  12:15  Perdition Turret  
  40  12:19  Perdition Turret x2  
  40  12:20  Perdition Turret  
  40  12:22  Perdition Turret x2  
  40  12:24  Perdition Turret x2  
  40  12:30  Perdition Turret  
  40  12:32  Perdition Turret  
  40  12:34  Perdition Turret x2  
  40  12:37  Perdition Turret  
  40  12:40  Perdition Turret  
  40  12:41  Perdition Turret x3  
  40  12:44  Perdition Turret  
  40  12:45  Perdition Turret  
  40  12:48  Perdition Turret x2, Siege Tank  
  40  12:49  Perdition Turret, Siege Tank  
  46  12:50  Perdition Turret  
  46  12:51  Perdition Turret  
  46  12:54  Perdition Turret x4  
  46  12:55  Perdition Turret x2  
  46  12:56  Perdition Turret  
  46  12:58  Perdition Turret  
  46  12:59  Perdition Turret x3  
  46  13:02  Perdition Turret  
  46  13:05  Perdition Turret x2  
  46  13:07  Perdition Turret x2  
  46  13:08  Perdition Turret x2  
  46  13:09  Perdition Turret  
  46  13:10  Perdition Turret  
  46  13:13  Perdition Turret x2  
  46  13:14  Perdition Turret x3  
  46  13:21  Perdition Turret x2  
  46  13:26  Perdition Turret  
  46  13:31  Perdition Turret  
  46  13:32  Perdition Turret  
  46  13:40  Perdition Turret  
  46  13:45  Perdition Turret x3  
  46  13:46  Perdition Turret x2  
  46  13:47  Perdition Turret  
  46  13:56  Perdition Turret x2  
  46  13:57  Perdition Turret x4  
  46  13:58  Perdition Turret x2  
  46  14:09  Spinning Dizzy  
  46  14:21  Perdition Turret x4  
  46  14:22  Perdition Turret x3  
  46  14:23  Perdition Turret x3  
  46  14:24  Perdition Turret  
  46  14:26  Perdition Turret x2  
  46  14:29  Perdition Turret  
  46  14:36  Perdition Turret  
  46  15:00  Perdition Turret x3  
  46  15:05  Terran Vehicle And Ship Armor Level 1, Terran Vehicle and Ship Weapons Level 1  
  46  15:09  Siege Tank x2  
  52  15:29  Perdition Turret  
  52  15:33  Perdition Turret  
  52  15:34  Perdition Turret  
  52  15:35  Devastation Turret  
  52  15:36  Perdition Turret  
  52  15:38  Devastation Turret  
  52  15:42  Devastation Turret  
  52  15:45  Siege Tank x2  
  58  15:57  Spinning Dizzy, Devastation Turret  
  58  15:58  Spinning Dizzy  
  58  16:03  Spinning Dizzy  
  58  16:06  Spinning Dizzy  
  58  16:48  Perdition Turret  
  58  16:52  Perdition Turret  
  58  16:54  Devastation Turret  
  58  16:55  Perdition Turret  
  58  16:59  Devastation Turret x2  
  58  17:01  Perdition Turret, Spinning Dizzy  
  58  17:13  Spinning Dizzy  
  58  17:19  Spinning Dizzy  
  58  17:20  Maelstrom Rounds  
  58  17:23  Spinning Dizzy  
  58  17:26  Spinning Dizzy  
  58  17:28  Siege Tank, Devastation Turret  
  58  17:29  Siege Tank  
  64  17:45  Regenerative Bio-Steel, Advanced Optics  
  64  18:37  Perdition Turret x3  
  64  18:41  Upgrade Laser Drill Level 2, Siege Tank x2  
  70  18:56  Perdition Turret x3  
  70  19:15  Terran Vehicle and Ship Weapons Level 2  
  70  19:16  Perdition Turret  
  70  19:17  Siege Tank x2  
  76  19:20  Perdition Turret  
  76  19:24  Perdition Turret  
  76  19:27  Perdition Turret x3  
  76  19:43  Perdition Turret x4  
  76  19:45  Terran Vehicle And Ship Armor Level 2  
  76  19:50  Perdition Turret x2  
  76  19:51  Perdition Turret x2  
  76  19:52  Perdition Turret x3  
  76  19:53  Perdition Turret x3, Siege Tank x2  
  76  19:56  Perdition Turret x2  
  82  20:00  Perdition Turret x2  
  82  20:01  Perdition Turret x2  
  82  20:02  Perdition Turret x2  
  82  20:07  Perdition Turret x4  
  82  20:21  Perdition Turret x2  
  82  20:22  Perdition Turret x4  
  82  20:23  Perdition Turret  
  82  20:25  Perdition Turret  
  82  20:28  Perdition Turret  
  82  20:29  Perdition Turret  
  82  20:32  Perdition Turret  
  82  20:36  Perdition Turret x3  
  82  20:37  Perdition Turret  
  82  20:38  Perdition Turret x2  
  82  20:39  Perdition Turret  
  82  20:44  Perdition Turret x4  
  82  20:45  Perdition Turret x3  
  82  20:50  Perdition Turret x4  
  82  21:02  Perdition Turret x3  
  82  21:14  Perdition Turret x2  
  82  21:25  Perdition Turret  
  82  21:30  Perdition Turret x3  
  82  21:39  Perdition Turret x2  
  82  21:42  Perdition Turret x3  
  82  21:44  Perdition Turret  
  82  21:45  Perdition Turret  
  82  22:12  Perdition Turret  
  82  22:14  Perdition Turret x2  
  82  22:19  Perdition Turret x2  
  82  22:20  Perdition Turret x2  
  82  22:22  Supply Depot x2  
  82  22:26  Supply Depot  
  82  22:28  Supply Depot x2  
  82  22:29  Perdition Turret x3  
  82  22:30  Supply Depot  
  82  22:31  Supply Depot  
  82  22:44  Infernal Pre-Igniter  
  82  23:44  Infernal Plating  
  82  23:48  Starport  
  82  23:49  Starport  
  82  23:51  Starport  
  82  23:55  Starport  
  82  23:58  Terran Vehicle and Ship Weapons Level 3  
  82  23:59  Terran Vehicle And Ship Armor Level 3  
  82  24:44  Targeting Optics  
  82  24:46  Starport Tech Reactor x3  
  82  24:47  Starport Tech Reactor  
  82  25:10  Starport Tech Reactor  
  82  25:16  Starport Tech Reactor  
  82  25:19  Starport Tech Reactor  
  82  25:22  Starport Tech Reactor  
  82  25:44  Mag-Field Accelerator  
  82  25:51  Displacement Field, Pulse Amplifier  
  82  25:52  Improved Nano-Repair, Defensive Matrix  
  82  25:56  Science Vessel x4  
  82  25:57  Science Vessel x4  
  98  26:12  Supply Depot  
  98  26:24  Supply Depot  
  98  26:27  Supply Depot  
  98  26:30  Perdition Turret  
  98  26:33  Supply Depot  
  98  26:36  Supply Depot  
  98  26:52  Perdition Turret  
  98  26:53  Perdition Turret  
  98  27:14  Ares-Class Targeting System  
  98  27:17  Perdition Turret  
  98  27:18  Perdition Turret  
  98  27:19  Wraith  
  100  27:20  Wraith x4  
  100  27:21  Wraith x3  
  100  27:26  Perdition Turret x2  
  100  27:29  Perdition Turret  
  114  27:31  Perdition Turret x3  
  114  27:40  Perdition Turret  
  114  27:59  Perdition Turret x2, Wraith  
  116  28:00  Perdition Turret, Wraith x4  
  116  28:01  Perdition Turret, Wraith x3  
  116  28:02  Perdition Turret x4  
  130  28:13  Perdition Turret  
  130  28:14  Multi-Lock Weapons System, Perdition Turret  
  130  28:28  Perdition Turret x3  
  130  28:30  Perdition Turret  
  130  28:33  Perdition Turret x2  
  130  28:35  Perdition Turret x3  
  130  28:38  Perdition Turret x2  
  130  28:39  Wraith  
  173  28:40  Perdition Turret, Wraith x5  
  132  28:41  Perdition Turret, Wraith x2  
  132  28:43  Perdition Turret  
  146  28:59  Perdition Turret x2  
  146  29:00  Perdition Turret x2  
  146  29:07  Perdition Turret x2  
  146  29:14  Perdition Turret x4  
  146  29:16  Perdition Turret x3  
  146  29:19  Perdition Turret  
  146  29:27  Perdition Turret x2  
  146  29:28  Perdition Turret, Wraith x4  
  146  29:29  Wraith x4  
  161  29:34  Perdition Turret x3  
  161  29:39  Perdition Turret x2  
  161  29:41  Perdition Turret  
  161  29:44  Perdition Turret x2, 330mm Barrage Cannon, Supply Depot  
  161  29:45  Perdition Turret  
  161  29:46  Perdition Turret, Supply Depot  
  161  29:51  Perdition Turret  
  161  30:08  Wraith x5  
  171  30:21  Wraith  
  171  30:24  Wraith  
  175  30:45  Wraith  
  175  30:48  Wraith  
  179  31:13  Wraith x2  
  183  31:20  Wraith x2  
  187  31:40  Wraith x2  
  191  31:57  Wraith x2  
  195  32:23  Wraith x2  
  199  34:10  Perdition Turret x2  
Show
View Real Time Build Order
Export as new Build Order

NamroodTuo Zerg 

Build Orders:  

Get SALT Encoding   

  12  0:04  Infested SCV  
  13  0:19  Overlord  
  13  0:40  Infested SCV  
  13  0:42  Infested SCV  
  13  0:49  Infested SCV  
  16  0:53  Overlord  
  16  1:06  Infested Barracks  
  16  1:17  Infested SCV  
  17  1:42  Infested SCV x2  
  17  1:49  Infested Refinery  
  19  1:56  Infested SCV, Infested Refinery  
  19  1:58  Infested Refinery  
  20  2:12  Overlord  
  20  2:25  Infested Barracks  
  20  2:26  Infested SCV  
  21  2:44  Infested SCV  
  22  3:05  Infested SCV  
  23  3:16  Infested Bunker  
  27  3:21  Infested SCV  
  28  3:33  Infested Barracks Tech Lab  
  28  3:56  Infested Marine  
  28  3:57  Infested Marine x10  
  39  4:03  Retinal Augmentation  
  39  5:10  Infested Factory  
  39  5:11  Overlord  
  39  5:12  Overlord  
  39  5:15  Overlord  
  39  5:16  Overlord x2  
  39  5:24  Infested Engineering Bay  
  39  5:33  Infested Factory  
  28  5:43  Overlord  
  28  5:44  Infested SCV  
  29  6:13  Infested Armory  
  29  6:15  Infested Diamondback  
  32  6:29  Infested Factory Tech Lab  
  32  6:32  Infested SCV  
  32  6:33  Infested SCV  
  32  6:38  Infested SCV  
  35  6:49  Unknown  
  35  6:59  Infested Diamondback  
  38  7:06  Saturated Cultures  
  38  7:12  Infested SCV  
  39  7:21  Overseer  
  39  7:22  Overseer  
  39  7:23  Overseer  
  38  7:56  Infested Marine  
  38  7:57  Infested Marine x17  
  56  8:31  Infested Siege Tank x2, Infested Diamondback  
  56  8:32  Infested Diamondback  
  62  9:08  Infested Siege Tank  
  62  9:09  Infested Siege Tank, Infested Diamondback  
  61  9:30  Infested Siege Tank  
  61  9:31  Infested Diamondback  
  59  10:05  Infested Siege Tank  
  59  10:06  Infested Siege Tank, Infested Diamondback  
  62  11:02  Infested Siege Tank x2, Infested Diamondback x2  
  62  11:04  Stukov Vehicle and Ship Weapons Level 1  
  74  11:11  Infested SCV x2  
  76  11:24  Infested SCV  
  76  11:25  Infested SCV  
  78  11:38  Infested SCV x2  
  80  11:43  Overlord  
  80  12:11  Caustic Mucus  
  80  12:18  Regenerative Plating  
  80  12:25  Aggressive Incubation  
  80  12:30  Infested Factory Tech Lab  
  80  12:55  Infested Bunker  
  80  12:59  Automated Mitosis  
  84  13:09  Infested Siege Tank  
  87  13:18  Stukov Infantry Weapons Level 1  
  87  13:35  Overseer x2  
  87  13:36  Overseer x4  
  87  13:41  Acidic Enzymes  
  87  13:44  Stukov Vehicle and Ship Armor Level 1  
  84  14:20  Infested Siege Tank  
  75  14:58  Infested Siege Tank x2, Infested Diamondback  
  75  14:59  Infested Diamondback  
  87  15:24  Overlord x3  
  87  15:25  Overlord x2  
  84  15:40  Infested Siege Tank  
  84  15:41  Infested Siege Tank, Infested Diamondback  
  87  15:51  Infested Siege Tank x2, Infested Diamondback  
  78  16:15  Infested Siege Tank  
  78  16:16  Infested Diamondback  
  81  16:23  Infested SCV x3  
  81  16:24  Stukov Vehicle and Ship Weapons Level 2  
  84  17:09  Infested Siege Tank, Infested Diamondback  
  90  17:10  Infested Siege Tank x2, Infested Diamondback  
  96  17:31  Infested Siege Tank  
  96  17:32  Infested Siege Tank, Infested Diamondback  
  102  17:40  Infested SCV x2  
  102  17:44  Overlord  
  104  18:14  Infested Bunker  
  104  18:20  Infested Siege Tank x2, Infested Diamondback  
  104  18:21  Infested Diamondback  
  112  21:41  Overseer x2  
  112  21:42  Overseer  
  112  22:18  Overlord x2  
  112  22:19  Overlord x3  
  112  24:02  Infested Siege Tank x2, Infested Diamondback  
  112  24:03  Infested Siege Tank x2, Infested Diamondback x3  
  112  24:04  Infested Siege Tank, Infested Diamondback  
  142  25:08  Infested Siege Tank  
  145  25:13  Overlord x5  
  145  26:12  Stukov Vehicle and Ship Armor Level 2  
  145  26:15  Overlord x2  
  145  26:16  Overlord  
  145  26:20  Overseer x4  
  145  26:21  Overseer  
  145  27:47  Overlord x3  
  145  27:48  Overlord x2  
  145  27:51  Infested Siege Tank  
  145  27:52  Infested Siege Tank x2, Infested Diamondback  
  145  27:53  Infested Siege Tank x4  
  145  27:54  Infested Siege Tank x2  
  175  28:00  Overseer x5  
  175  28:01  Overseer x2  
  175  28:04  Calcified Armor  
  175  29:04  Stukov Infantry Armor Level 1  
  175  29:05  Infested Diamondback  
  175  29:06  Infested Diamondback x3  
  187  29:22  Stukov Vehicle and Ship Weapons Level 3  
  187  30:16  Overseer  
Tags
 
Commander
StukovSwann
Matchup
Co-op
Replay Pack
Multiplayer
Add a new tag
Caveats
  • Supply blocks, unpowered buildings, or Contaminate may cause inaccurate times.
  • Supply counts are checked every 10 seconds.